 Dungeon Crawl Stone Soup version 0.24.0-2-g5b39cebb1c (webtiles) character file.

Game seed: 2659688201070939302, levelgen mode: deterministic

8690 OleJ the Slinger (level 11, -10/85 HPs)
             Began as a Gnoll Hunter on Oct 29, 2019.
             Was a Priest of Yredelemnul.
             Killed from afar by a flying skull (15 damage)
             ... with an exploding inner flame
             ... created by the player character
             ... hexed by the player character
             ... on level 10 of the Dungeon.
             The game lasted 00:36:14 (10854 turns).

OleJ the Slinger (Gnoll Hunter)                    Turns: 10854, Time: 00:36:16

Health: -10/85     AC:  7    Str: 21    XL:     11   Next: 34%
Magic:  20/20      EV: 17    Int: 14    God:    Yredelemnul [***...]
Gold:   716        SH:  0    Dex: 18    Spells: 22/22 levels left

rFire    . . .     SeeInvis .   v - +7 trident of Kupsoith {pierce, rN+ MR- Str+3}
rCold    . . .     Gourm    +   (no shield)
rNeg     + . .     Faith    .   c - +0 leather armour
rPois    .         Spirit   .   (no helmet)
rElec    .         Reflect  .   K - +1 cloak
rCorr    .         Harm     .   r - +0 pair of gloves
MR       .....                  (no boots)
Stlth    +++.......             y - amulet of the gourmand
HPRegen  0.24/turn              l - +3 ring of strength
MPRegen  0.17/turn              (no ring)

@: no status effects
A: distributed training, fangs 1, strong nose
a: Recall Undead Slaves, Injury Mirror, Animate Dead, Renounce Religion


You were on level 10 of the Dungeon.
You worshipped Yredelemnul.
Yredelemnul was most pleased with you.
You were not hungry.

You visited 2 branches of the dungeon, and saw 11 of its levels.

You collected 716 gold pieces.

Inventory:

Hand Weapons
 v - the +7 trident of Kupsoith (weapon) {pierce, rN+ MR- Str+3}
   (You found it on level 5 of the Dungeon)

   It inflicts extra damage upon your enemies.
   It affects your strength (+3).
   It protects you from negative energy.
   It affects your resistance to hostile enchantments.
 D - the cursed +0 broad axe of Innocence {vamp, rPois Int+8 Dex-4, unknown}
   (You found it on level 6 of the Dungeon)

   It inflicts no extra harm, but heals its wielder when it wounds a living foe.
   It affects your intelligence (+8).
   It affects your dexterity (-4).
   It protects you from poison.
   It has a curse placed upon it.
Missiles
 d - 114 sling bullets
 j - 174 stones (quivered)
Armour
 c - a +0 leather armour (worn)
 k - a +0 leather armour
 r - a +0 pair of gloves (worn)
 K - a +1 cloak (worn)
 M - a +0 helmet
Jewellery
 l - a +3 ring of strength (left hand)
 y - an amulet of the gourmand (around neck)
Wands
 i - a wand of acid (6)
 C - a wand of enslavement (5)
 H - a wand of polymorph (11)
 I - a wand of random effects (22)
 J - a wand of digging (5)
Scrolls
 g - 4 scrolls of fog
 m - 5 scrolls of fear
 o - 8 scrolls of identify
 q - 4 scrolls of immolation
 s - 4 scrolls of remove curse
 E - 3 scrolls of teleportation
Potions
 e - 5 potions of curing
 h - 2 potions of agility
 n - 2 potions of berserk rage {unknown}
 t - a potion of might {unknown}
 u - 2 potions of haste {unknown}
 x - a potion of lignification {unknown}
 z - 3 potions of brilliance
 B - 3 potions of heal wounds
 F - 3 potions of degeneration {unknown}
 G - a potion of flight {unknown}
Comestibles
 f - 20 rations


   Skills:
 + Level 7.7 Fighting
 + Level 6.1 Short Blades
 + Level 6.1 Long Blades
 + Level 6.1 Axes
 + Level 6.1 Maces & Flails
 + Level 6.1 Polearms
 + Level 6.1 Staves
 + Level 10.4 Slings
 + Level 6.1 Bows
 + Level 6.1 Crossbows
 + Level 6.1 Throwing
 + Level 6.1 Armour
 + Level 7.7 Dodging
 + Level 6.6 Stealth
 + Level 6.1 Shields
 + Level 6.1 Unarmed Combat
 + Level 6.1 Spellcasting
 + Level 5.0 Conjurations
 + Level 5.0 Hexes
 + Level 5.0 Charms
 + Level 5.0 Summonings
 + Level 5.0 Necromancy
 + Level 5.0 Translocations
 + Level 5.0 Transmutations
 + Level 5.0 Fire Magic
 + Level 5.0 Ice Magic
 + Level 5.0 Air Magic
 + Level 5.0 Earth Magic
 + Level 5.0 Poison Magic
 + Level 6.7 Invocations
 + Level 6.1 Evocations


You had 22 spell levels left.
You didn't know any spells.
Your spell library contained the following spells:

 Spells                   Type           Power        Failure   Level  Hunger
 Flame Tongue             Conj/Fire      ###..        2%          1    None
 Throw Flame              Conj/Fire      ###...       3%          2    #......
 Conjure Flame            Conj/Fire      ###.....     7%          3    ###....
 Inner Flame              Hex/Fire       ###.....     7%          3    ###....
 Sticky Flame             Conj/Fire      ###.....     22%         4    ####...
 Fireball                 Conj/Fire      ###.......   52%         5    ######.


Dungeon Overview and Level Annotations

Branches:
Dungeon (10/15)            Temple (1/1) D:5             Orc (0/2) D:10
   Lair: D:8-11

Altars:
Ashenzari
Cheibriados
Dithmenos
Elyvilon
Fedhas
Gozag
Hepliaklqana
Kikubaaqudgha
Makhleb
Nemelex Xobeh
Okawaru
Qazlal
Ru
Sif Muna
Trog
Uskayaw
Vehumet
Wu Jian
Xom
Yredelemnul
Zin
The Shining One

Shops:
D:4 =[[   D:6 (*

Annotations:
D:6 exclusion: oklob plant


Innate Abilities, Weirdness & Mutations

Your experience applies equally to all skills.
You have very sharp teeth.
Your uncanny sense of smell can sniff out nearby items.


Message History

The fiery explosion engulfs you!!
The fiery explosion engulfs your wight!!
Your wight explodes!
The fiery explosion engulfs your howler monkey zombie!!
Your howler monkey zombie explodes!
The fiery explosion engulfs the killer bee zombie!!
The killer bee zombie explodes!
The fiery explosion engulfs you!! The bolt of lightning misses you.
The ogre mage is engulfed in blazing flames.
The ogre mage points at you and mumbles some strange words.
The crystal spear misses you.
You closely miss the flying skull.
The flying skull is almost destroyed.
You are engulfed in blazing flames.
* * * LOW HITPOINT WARNING * * *
The flying skull is engulfed in blazing flames.
The flying skull explodes!
The fiery explosion engulfs you!
You die...
Your body rises from the dead as a mindless zombie.

.........# #####'#### #.......(
.......#Z###........# ###........
.......#..##........###..........
....>..##.##........#...#Z.......
....... #..'........'.###........
....... ####.....................
##.#### ######.#########...... ..
#§§#Z.e.T.T#.##### #@§§OFFe.###.#
. #####§§#§![>?=[#.# .#
#...§§§#########.#'###
#....§§§..ZZ..........
#........##.#.'..)....
#.'........##)..#.......
#..#........#...##....... ..
#........'.####....... #
#.......$### #.......


You could see an ogre mage, 2 deep elf magi, a troll, 2 bullfrogs and a worker
ant zombie.

Vanquished Creatures
  2 two-headed ogres
  A hippogriff (D:7)
  4 hogs (D:7)
  2 yaks (D:10)
  A human (D:7)
  Menkaure (D:4)
  4 orc warriors
  2 hornet zombies
  4 ice beasts
  A black bear (D:8)
  3 phantoms (D:7)
  A sky beast (D:5)
  A necrophage (D:7)
  4 ogres
  3 centaurs
  A crocodile (D:7)
  3 bullfrogs
  A scorpion (D:4)
  3 killer bees
  A wight (D:10)
  6 howler monkeys
  A bullfrog zombie (D:7)
  5 crimson imps
  A centaur zombie (D:4)
  5 hounds
  2 orc priests
  14 jellies
  2 bullfrog skeletons
  3 centaur skeletons
  2 iguanas (D:4)
  5 worker ants
  7 orc wizards
  Natasha (D:4)
  A killer bee zombie (D:10)
  A hound zombie (D:8)
  3 howler monkey zombies
  15 gnolls
  5 adders
  3 shadow imps
  14 oozes
  An adder zombie (D:10)
  3 adder skeletons
  6 worms
  4 dart slugs
  10 leopard geckos
  30 orcs
  A ball python (D:3)
  10 bats
  5 giant cockroaches
  9 goblins
  6 hobgoblins
  16 jackals
  8 quokkas
  9 frilled lizards
  5 kobolds
  3 quokka skeletons
  7 rats
272 creatures vanquished.

Vanquished Creatures (collateral kills)
  Maurice (D:9)
  A centaur skeleton (D:9)
  A hornet (D:7)
  A wraith (D:10)
  4 yaks (D:10)
  An orc warrior (D:10)
  An ice beast (D:9)
  2 ogres
  3 centaurs
  3 killer bees (D:10)
  2 howler monkeys (D:10)
  A crimson imp (D:10)
  An orc priest (D:10)
  A worker ant (D:8)
  An adder (D:10)
  3 orcs
  A leopard gecko skeleton (D:8)
28 creatures vanquished.

Vanquished Creatures (others)
  2 flying skulls (D:10)
  A hornet zombie (D:7)
  A wight (D:8)
  A centaur zombie (D:7)
  A killer bee zombie (D:10)
  An ogre zombie (D:7)
  A crocodile zombie (D:7)
  A hound zombie (D:8)
  2 worker ant zombies
  A giant cockroach zombie (D:8)
  4 orc zombies (D:10)
  5 fungi (D:6)
21 creatures vanquished.

Grand Total: 321 creatures vanquished

Notes
Turn   | Place    | Note
-------+----------+-------------------------------------------
     0 | D:1      | OleJ the Gnoll Hunter began the quest for the Orb.
     0 | D:1      | Reached XP level 1. HP: 20/20 MP: 1/1
    53 | D:1      | Reached XP level 2. HP: 26/26 MP: 2/2
   324 | D:1      | Found a sparkling altar of Nemelex Xobeh.
   467 | D:2      | Reached XP level 3. HP: 27/31 MP: 3/3
   681 | D:2      | Reached skill level 1 in Invocations
   973 | D:2      | Reached skill level 1 in Short Blades
   973 | D:2      | Reached skill level 1 in Long Blades
   973 | D:2      | Reached skill level 1 in Axes
   973 | D:2      | Reached skill level 1 in Maces & Flails
   973 | D:2      | Reached skill level 1 in Polearms
   973 | D:2      | Reached skill level 1 in Staves
   973 | D:2      | Reached skill level 1 in Bows
   973 | D:2      | Reached skill level 1 in Crossbows
   973 | D:2      | Reached skill level 1 in Throwing
   973 | D:2      | Reached skill level 1 in Armour
   973 | D:2      | Reached skill level 1 in Shields
   973 | D:2      | Reached skill level 1 in Unarmed Combat
   973 | D:2      | Reached skill level 1 in Spellcasting
   973 | D:2      | Reached skill level 1 in Evocations
  1029 | D:2      | Reached XP level 4. HP: 38/38 MP: 5/5
  1711 | D:3      | Reached skill level 1 in Conjurations
  1711 | D:3      | Reached skill level 1 in Hexes
  1711 | D:3      | Reached skill level 1 in Charms
  1711 | D:3      | Reached skill level 1 in Summonings
  1711 | D:3      | Reached skill level 1 in Necromancy
  1711 | D:3      | Reached skill level 1 in Translocations
  1711 | D:3      | Reached skill level 1 in Transmutations
  1711 | D:3      | Reached skill level 1 in Fire Magic
  1711 | D:3      | Reached skill level 1 in Ice Magic
  1711 | D:3      | Reached skill level 1 in Air Magic
  1711 | D:3      | Reached skill level 1 in Earth Magic
  1711 | D:3      | Reached skill level 1 in Poison Magic
  1880 | D:3      | Reached XP level 5. HP: 40/43 MP: 6/6
  2260 | D:4      | Reached XP level 6. HP: 32/50 MP: 8/8
  2356 | D:4      | Found Rotrik's Armour Boutique.
  2412 | D:4      | Found Zeacatearch's Jewellery Boutique.
  2449 | D:4      | Found Ulextumy's Armour Shop.
  2468 | D:4      | Reached skill level 5 in Fighting
  2468 | D:4      | Reached skill level 5 in Dodging
  2867 | D:4      | Reached XP level 7. HP: 56/56 MP: 10/10
  2958 | D:4      | Noticed Menkaure
  3003 | D:5      | Entered Level 5 of the Dungeon
  3271 | D:5      | Found a stormy altar of Qazlal.
  3280 | D:5      | Got a transparent trident
  3286 | D:5      | Identified the +7 trident of Kupsoith {pierce, rN+ MR-
                  | Str+3} (You found it on level 5 of the Dungeon)
  3289 | D:5      | Found a blossoming altar of Fedhas.
  3292 | D:5      | Found a sacrificial altar of Ru.
  3292 | D:5      | Found an ornate altar of the Wu Jian Council.
  3294 | D:5      | Found a shattered altar of Ashenzari.
  3294 | D:5      | Found a basalt altar of Yredelemnul.
  3295 | D:5      | Found a bloodstained altar of Trog.
  3326 | D:5      | Found a staircase to the Ecumenical Temple.
  3520 | D:5      | Became a worshipper of Yredelemnul the Dark
  3903 | D:6      | Found Roviedd's General Store.
  3996 | D:4      | Noticed Natasha
  4002 | D:4      | Killed Natasha
  4002 | D:4      | Reached skill level 9 in Slings
  4077 | D:4      | Killed Menkaure
  4077 | D:4      | Reached XP level 8. HP: 37/63 MP: 10/12
  4175 | D:4      | Found an ancient bone altar of Kikubaaqudgha.
  4240 | Temple   | Entered the Ecumenical Temple
  4579 | D:6      | Reached * piety under Yredelemnul
  4779 | D:6      | Found a hide-covered altar of Uskayaw.
  4870 | D:6      | Got a jewelled broad axe
  5091 | D:6      | Found Siennod's Antique Weapon Emporium.
  5109 | D:6      | Noticed an oklob plant
  5427 | D:6      | Reached ** piety under Yredelemnul
  5598 | D:7      | Reached XP level 9. HP: 66/69 MP: 14/14
  5618 | D:7      | Found a snail-covered altar of Cheibriados.
  6123 | D:7      | Found a hazy altar of Hepliaklqana.
  6425 | D:7      | Noticed a hornet
  6831 | D:7      | Reached skill level 5 in Stealth
  6842 | D:7      | HP: 2/71 [centaur/arrow (18)]
  7353 | D:7      | Reached skill level 5 in Invocations
  7791 | D:7      | Killed a hornet
  7791 | D:7      | Reached XP level 10. HP: 49/77 MP: 17/17
  7907 | D:7      | Reached *** piety under Yredelemnul
  7918 | D:7      | Reached skill level 5 in Short Blades
  7918 | D:7      | Reached skill level 5 in Long Blades
  7918 | D:7      | Reached skill level 5 in Axes
  7918 | D:7      | Reached skill level 5 in Maces & Flails
  7918 | D:7      | Reached skill level 5 in Polearms
  7918 | D:7      | Reached skill level 5 in Staves
  7918 | D:7      | Reached skill level 5 in Bows
  7918 | D:7      | Reached skill level 5 in Crossbows
  7918 | D:7      | Reached skill level 5 in Throwing
  7918 | D:7      | Reached skill level 5 in Armour
  7918 | D:7      | Reached skill level 5 in Shields
  7918 | D:7      | Reached skill level 5 in Unarmed Combat
  7918 | D:7      | Reached skill level 5 in Spellcasting
  7918 | D:7      | Reached skill level 5 in Evocations
  8251 | D:8      | Noticed a two-headed ogre
  8262 | D:8      | Killed a two-headed ogre
  8262 | D:8      | Reached skill level 10 in Slings
  8306 | D:8      | Received a gift from Yredelemnul (a wight)
  8959 | D:9      | Noticed a two-headed ogre
  9031 | D:9      | Killed a two-headed ogre
  9580 | D:9      | Reached XP level 11. HP: 84/84 MP: 19/19
  9651 | D:9      | Noticed Maurice
  9665 | D:9      | Killed Maurice
  9701 | D:9      | Found a sparkling altar of Nemelex Xobeh.
  9983 | D:10     | Entered Level 10 of the Dungeon
 10152 | D:10     | Received a gift from Yredelemnul (3 flying skulls)
 10519 | D:10     | Found a staircase to the Orcish Mines.
 10660 | D:10     | Reached skill level 5 in Conjurations
 10660 | D:10     | Reached skill level 5 in Hexes
 10660 | D:10     | Reached skill level 5 in Charms
 10660 | D:10     | Reached skill level 5 in Summonings
 10660 | D:10     | Reached skill level 5 in Necromancy
 10660 | D:10     | Reached skill level 5 in Translocations
 10660 | D:10     | Reached skill level 5 in Transmutations
 10660 | D:10     | Reached skill level 5 in Fire Magic
 10660 | D:10     | Reached skill level 5 in Ice Magic
 10660 | D:10     | Reached skill level 5 in Air Magic
 10660 | D:10     | Reached skill level 5 in Earth Magic
 10660 | D:10     | Reached skill level 5 in Poison Magic
 10722 | D:10     | Noticed a deep elf mage
 10732 | D:10     | Noticed an ogre mage
 10749 | D:10     | Noticed a deep elf mage
 10792 | D:10     | Received a gift from Yredelemnul (a wight)
 10854 | D:10     | HP: 4/85 [cloud of flame (24)]
 10854 | D:10     | Killed from afar by a flying skull

Levels and vault maps discovered:
D:1:      minmay_arrival_three_doors, layout_rooms,
          nemelex_xobeh_ov_fountains_minmay
D:2:      layout_loops_corners
D:3:      layout_rooms, first_ration
D:4:      layout_loops_ring, marbit_many_paths, serial_shops, shop, shop, shop,
          hangedman_decor_lopped, minmay_lizard_king, uniq_natasha,
          uniq_menkaure
D:5:      layout_rooms, grunt_temple_overflow_open,
          minmay_temple_entry_mini_moons
D:6:      lemuel_slime, layout_basic, eat_drink_and_be_merry_uskayaw,
          serial_shops, shop, shop, hangedman_decor_slide_cut
D:7:      minmay_thinvault, layout_loops_ring, overflow_temple_1_default,
          basic_altar, grunt_livestock
D:8:      layout_basic
D:9:      layout_loops_ring, lemuel_coloured_pillars_altar, uniq_maurice
D:10:     layout_roguey, david_orc_4, onia_ninara_dug_in_and_dangerous
Temple:   minmay_temple_curvy_loop

Skill      XL: |  1  2  3  4  5  6  7  8  9 10 11 |
---------------+----------------------------------+-----
Invocations    | 1 2 3 4 5 6 |  6.7
Short Blades   | 1 2 3 4 5 6 |  6.1
Long Blades    | 1 2 3 4 5 6 |  6.1
Axes           | 1 2 3 4 5 6 |  6.1
Maces & Flails | 1 2 3 4 5 6 |  6.1
Polearms       | 1 2 3 4 5 6 |  6.1
Staves         | 1 2 3 4 5 6 |  6.1
Bows           | 1 2 3 4 5 6 |  6.1
Crossbows      | 1 2 3 4 5 6 |  6.1
Throwing       | 1 2 3 4 5 6 |  6.1
Armour         | 1 2 3 4 5 6 |  6.1
Shields        | 1 2 3 4 5 6 |  6.1
Unarmed Combat | 1 2 3 4 5 6 |  6.1
Spellcasting   | 1 2 3 4 5 6 |  6.1
Evocations     | 1 2 3 4 5 6 |  6.1
Conjurations   | 1 2 3 4 5 |  5.0
Hexes          | 1 2 3 4 5 |  5.0
Charms         | 1 2 3 4 5 |  5.0
Summonings     | 1 2 3 4 5 |  5.0
Necromancy     | 1 2 3 4 5 |  5.0
Translocations | 1 2 3 4 5 |  5.0
Transmutations | 1 2 3 4 5 |  5.0
Fire Magic     | 1 2 3 4 5 |  5.0
Ice Magic      | 1 2 3 4 5 |  5.0
Air Magic      | 1 2 3 4 5 |  5.0
Earth Magic    | 1 2 3 4 5 |  5.0
Poison Magic   | 1 2 3 4 5 |  5.0
Stealth        | 3 4 5 6 |  6.6
Fighting       | 5 6 7 |  7.7
Dodging        | 5 6 7 |  7.7
Slings         | 9 10 | 10.4

Action                   |  1- 3 |  4- 6 |  7- 9 | 10-12 || total
-------------------------+-------+-------+-------+-------++-------
Melee: Trident           |       |       |   269 |   182 ||   451
       Bite              |       |       |    30 |    19 ||    49
       Punch             |       |       |     7 |     6 ||    13
 Fire: Hunting sling     |   101 |   269 |    44 |       ||   414
Throw: Stone             |       |       |       |     1 ||     1
Invok: Animate Remains   |       |       |     1 |     3 ||     4
       Animate Dead      |       |       |       |    16 ||    16
       Injury Mirror     |       |       |       |     2 ||     2
       Recall Undead Sla |       |       |       |     1 ||     1
Evoke: Wand              |       |       |       |     1 ||     1
  Use: Scroll            |       |     6 |     6 |     5 ||    17
       Potion            |       |     4 |     1 |       ||     5
 Stab: Sleeping          |       |       |    11 |    13 ||    24
       Distracted        |       |       |     1 |       ||     1
  Eat: Chunk             |       |     5 |    24 |     6 ||    35
       Ration            |       |       |       |     1 ||     1
Armor: Leather armour    |     1 |    11 |    30 |    17 ||    59
Dodge: Dodged            |    17 |    43 |   203 |    84 ||   347
